 Dungeon Crawl Stone Soup version 0.25-a0-890-g62861fb (webtiles) character file.

Game seed: 13522785179992072870, levelgen mode: deterministic

379 BeowulfAlex the Changer (level 6, 0/42 HPs)
             Began as an Octopode Transmuter on May 7, 2020.
             Was an Initiate of Wu Jian.
             Slain by Eustachio
             ... wielding a +0 falchion
              (9 damage)
             ... on level 3 of the Dungeon.
             The game lasted 00:07:11 (2821 turns).

BeowulfAlex the Changer (Octopode Transmuter)       Turns: 2821, Time: 00:07:12

Health: 0/42       AC:  1    Str: 11    XL:     6   Next: 74%
Magic:  9/9        EV: 14    Int: 15    God:    Wu Jian [......]
Gold:   122        SH:  0    Dex: 13    Spells: 1/9 levels left

rFire    . . .     SeeInvis .   q - +0 lajatang
rCold    . . .     Gourm    .   (shield currently unavailable)
rNeg     . . .     Faith    .   (helmet restricted)
rPois    .         Spirit   .   (no amulet)
rElec    .         Reflect  .   (no ring)
rCorr    .         Harm     .   (no ring)
MR       .....                  (no ring)
Stlth    ++........             (no ring)
HPRegen  0.14/turn              (no ring)
MPRegen  0.11/turn              (no ring)
                                (no ring)
                                (no ring)

@: appendage (expiring)
A: almost no armour, stealthy swim, amphibious, 8 rings, constrict 8, tentacle
spike 3, camouflage 1, gelatinous body 1
a: End Transformation, Renounce Religion


You were on level 3 of the Dungeon.
You worshipped Wu Jian.
Wu Jian was noncommittal.
You were not hungry.
One of your tentacles had a temporary spike.
You visited 1 branch of the dungeon, and saw 4 of its levels.

You collected 122 gold pieces.

Inventory:

Hand Weapons
 q - a +0 lajatang (weapon)
 v - a +0 shortbow
Missiles
 a - 14 arrows
 d - 6 boomerangs
 g - 121 stones (quivered)
Armour
 f - a +0 buckler
Wands
 l - a wand of paralysis (5)
 w - a wand of iceblast (5)
Scrolls
 e - 2 scrolls of fog {unknown}
 h - 6 scrolls of identify {unknown}
 m - 2 scrolls of magic mapping {unknown}
 n - 3 scrolls of teleportation {unknown}
 u - 3 scrolls of enchant weapon {unknown}
 x - a scroll of enchant armour {unknown}
Potions
 i - a potion of haste {unknown}
 j - a potion of lignification {unknown}
 k - a potion of stabbing {unknown}
 o - a potion of brilliance {unknown}
 p - 4 potions of curing {unknown}
 r - a potion of heal wounds {unknown}
 s - a potion of flight {unknown}
 t - a potion of degeneration {unknown}
Comestibles
 b - 3 chunks of flesh
 c - 10 rations


   Skills:
 + Level 3.2 Fighting
 + Level 3.0 Dodging
 - Level 3.6 Unarmed Combat
 - Level 2.0 Spellcasting
 * Level 4.5 Transmutations
 + Level 1.2 Ice Magic
 - Level 2.0 Poison Magic


You had one spell level left.
You knew the following spells:

 Your Spells              Type           Power        Failure   Level  Hunger
a - Beastly Appendage     Tmut           ###...       3%          1    #......
b - Spider Form           Tmut/Pois      ##........   17%         3    ###....
c - Ice Form              Ice/Tmut       ##......     56%         4    #####..

Your spell library contained the following spells:

 Spells                   Type           Power        Failure   Level  Hunger
 Sticks to Snakes         Tmut           ###.....     5%          2    ###....
 Blade Hands              Tmut           ###.......   67%         5    ######.


Dungeon Overview and Level Annotations

Branches:
Dungeon (4/15)
 Temple: D:4-7

Altars:
Dithmenos
Wu Jian
Yredelemnul

Annotations:
D:3 Eustachio


Innate Abilities, Weirdness & Mutations

You cannot wear most types of armour.
You are very stealthy in the water. (Stealth+)
You are amphibious.
You can wear up to eight rings at the same time.
You can use your tentacles to constrict eight enemies at once.
Your skin changes colour to match your surroundings (Stealth+).
Your rubbery body absorbs attacks. (AC +1, EV +1)
One of your tentacles bears a large vicious spike.


Message History

Eustachio gestures wildly while chanting.
Eustachio blinks!
The shadow imp completely misses you.
Eustachio mumbles some strange words.
You lunge at Eustachio, but your attack speed is too slow for a blow to land.
The bat hits you.
The shadow imp grinds its teeth.
The shadow imp closely misses you. The quokka closely misses you.
Eustachio casts a spell.
The river rat closely misses you.
Unknown command.
You closely miss Eustachio. Your grab misses Eustachio.
You pierce Eustachio.
Your squeeze misses Eustachio.
Eustachio is severely wounded.
The bat hits you. The shadow imp hits you.
* * * LOW HITPOINT WARNING * * *
The quokka barely misses you. The river rat bites you.
* * * LOW HITPOINT WARNING * * *
Eustachio hits you with a +0 falchion!
You die...

......#..####.#
.##....#...##.#
.#####.###....# .# #..#
###..# .# #.## ##.#
.####.# #.# ......#
####.######## .....##
##..)..#@r5..## ....##
##.......@.....## ....#
#.......55r.....# ....#
#...............#
....####...............#
...............b.......#
........#######.....<..#
........# ### #........#
........#######.......##
..........+_+........##


You could see Eustachio, an iron imp, a crimson imp, a river rat, a shadow imp,
a quokka and a bat.

Vanquished Creatures
  A centaur (D:3)
  A bullfrog skeleton (D:4)
  2 hounds (D:4)
  Jessica (D:2)
  Terence (D:2)
  6 adders
  An ooze (D:1)
  5 worms
  2 dart slugs
  5 leopard geckos
  3 orcs (D:4)
  2 giant cockroaches
  7 goblins
  8 hobgoblins
  4 jackals (D:2)
  7 kobolds
  4 quokkas
  A ball python (D:3)
  A ball python skeleton (D:4)
  7 bats
  4 frilled lizards
  6 rats
79 creatures vanquished.

Notes
Turn   | Place    | Note
-------+----------+-------------------------------------------
     0 | D:1      | BeowulfAlex the Octopode Transmuter began the quest for the
                  | Orb.
     0 | D:1      | Reached XP level 1. HP: 13/13 MP: 3/3
    63 | D:1      | Reached XP level 2. HP: 6/18 MP: 3/5
   733 | D:1      | Reached XP level 3. HP: 21/24 MP: 4/6
   815 | D:1      | Learned a level 3 spell: Spider Form
  1170 | D:2      | Noticed Jessica
  1173 | D:2      | Killed Jessica
  1173 | D:2      | Reached skill level 3 in Transmutations
  1173 | D:2      | Reached skill level 1 in Poison Magic
  1173 | D:2      | Reached XP level 4. HP: 29/29 MP: 5/7
  1196 | D:2      | Found a basalt altar of Yredelemnul.
  1206 | D:2      | Found an ornate altar of the Wu Jian Council.
  1543 | D:2      | Noticed Terence
  1565 | D:2      | Killed Terence
  1723 | D:2      | Reached XP level 5. HP: 35/35 MP: 6/8
  1972 | D:3      | Noticed a centaur
  1978 | D:3      | Killed a centaur
  1978 | D:3      | Reached skill level 4 in Transmutations
  1985 | D:3      | Reached XP level 6. HP: 15/41 MP: 9/9
  2199 | D:2      | Learned a level 4 spell: Ice Form
  2528 | D:3      | Found a shadowy altar of Dithmenos.
  2556 | D:2      | Became a worshipper of the Wu Jian Council
  2697 | D:4      | Reached skill level 1 in Ice Magic
  2773 | D:4      | Noticed Eustachio
  2821 | D:3      | Slain by Eustachio

Levels and vault maps discovered:
D:1:      lemuel_arrival_muddy, layout_loops_cross
D:2:      layout_loops_ring, nicolae_overflow_hidden_temple,
          yredelemnul_altar_generic, uniq_jessica, uniq_terence
D:3:      layout_rooms, lemuel_doored_altar, first_ration, minmay_statues_item
D:4:      layout_loops_ring, old_standard_altar, old_standard_altar,
          fedhas_altar_4, serial_shops, shop, grunt_ministairs_10,
          uniq_menkaure, uniq_edmund, uniq_natasha, uniq_eustachio

Skill      XL: |  1  2  3  4  5  6 |
---------------+-------------------+-----
Fighting       | 2 3 |  3.2
Transmutations | 3 4 |  4.5
Poison Magic   | 1 2 |  2.0
Dodging        | 3 |  3.0
Ice Magic      | 1 |  1.2
Unarmed Combat | |  3.6
Spellcasting   | |  2.0

Action                   |  1- 3 |  4- 6 || total
-------------------------+-------+-------++-------
Melee: Unarmed           |    57 |     4 ||    61
       Kick              |    13 |    25 ||    38
       Constrict         |    14 |    30 ||    44
       Tentacles         |     3 |    20 ||    23
       Punch             |     1 |       ||     1
       Lajatang          |     4 |   108 ||   112
Throw: Stone             |       |     5 ||     5
 Cast: Beastly Appendage |    16 |    22 ||    38
       Spider Form       |       |     1 ||     1
 Stab: Sleeping          |     6 |     5 ||    11
  Eat: Chunk             |     1 |     6 ||     7
Armor: Skin              |     4 |     7 ||    11
Dodge: Dodged            |    32 |   108 ||   140

Table legend:
 A = Non-vault XP
 B = Vault XP
 C = Vault XP percentage of total XP
 D = Non-vault monster count
 E = Vault monster count
 F = Vault count percentage of total count
                 A         B        C        D         E       F
            +---------+---------+-------+---------+---------+-------
      Total |     429 |     113 |  20.8 |      76 |       3 |   3.8
            +---------+---------+-------+---------+---------+-------
        D:1 |      44 |       0 |   0.0 |      21 |       0 |   0.0
        D:2 |      49 |      73 |  59.8 |      18 |       2 |  10.0
        D:3 |     240 |       0 |   0.0 |      31 |       0 |   0.0
        D:4 |      96 |      40 |  29.4 |       6 |       1 |  14.3
            +---------+---------+-------+---------+---------+-------
